 Dungeon Crawl Stone Soup version 0.22-a0-833-g8522bf8125 (console) character file.

1771 Lexodia the Ruffian (level 8, -6/74 HPs)
             Began as a Troll Fighter on July 25, 2018.
             Was a Believer of Makhleb.
             Mangled by an orc warrior
             ... wielding a +0 halberd
              (19 damage)
             ... on level 6 of the Dungeon.
             The game lasted 00:08:34 (3792 turns).

Lexodia the Ruffian (Troll Fighter)                 Turns: 3792, Time: 00:08:35

Health: -6/74      AC:  7    Str: 27    XL:     8   Next: 80%
Magic:  11/11      EV:  9    Int:  4    God:    Makhleb [**....]
Gold:   253        SH: 11    Dex:  9    Spells: 7/7 levels left

rFire    . . .     SeeInvis .     - Unarmed
rCold    . . .     Gourm    +   x - +1 shield
rNeg     + . .     Faith    .   a - +0 robe
rPois    .         Spirit   .   (helmet restricted)
rElec    .         Reflect  .   (no cloak)
rCorr    .         Harm     .   (gloves unavailable)
MR       .....                  (boots unavailable)
Stlth    +.........             (no amulet)
HPRegen  0.62/turn              h - +2 ring of protection
MPRegen  0.12/turn              w - ring of positive energy

@: no status effects
A: large, unfitting armour, claws 3, fast metabolism 3, gourmand, high mp 1,
regeneration 1, screaming 1, shaggy fur 1, tough skin 2, no potion heal 1
a: Minor Destruction, Renounce Religion


You were on level 6 of the Dungeon.
You worshipped Makhleb.
Makhleb was pleased with you.
You were full.

You visited 1 branch of the dungeon, and saw 6 of its levels.
You also visited: Ossuary.

You collected 253 gold pieces.

Inventory:

Armour
 a - a +0 robe (worn)
 b - a +0 shield
 x - a +1 shield (worn)
Jewellery
 h - a +2 ring of protection (left claw)
 w - a ring of positive energy (right claw)
 C - an uncursed ring of fire
Scrolls
 c - a scroll of amnesia
 g - 3 scrolls of remove curse
 j - 3 scrolls of teleportation
 o - 2 scrolls of immolation
 q - 2 scrolls of enchant weapon
 v - a scroll of enchant armour
Potions
 e - 2 potions of magic {unknown}
 f - a potion of ambrosia {unknown}
 i - 4 potions of curing
 l - a potion of lignification {unknown}
 m - 4 potions of berserk rage
 p - a potion of agility {unknown}
 r - a potion of resistance {unknown}
 s - a potion of might
 t - a potion of cancellation {unknown}
 z - 3 potions of heal wounds
 B - a potion of flight {unknown}
Comestibles
 d - 8 rations


   Skills:
 - Level 2.4 Fighting
 - Level 2.4 Dodging
 + Level 6.3 Shields
 + Level 7.2 Unarmed Combat
 + Level 5.0 Invocations


You had 7 spell levels left.
You didn't know any spells.
Your spell library was empty.

Dungeon Overview and Level Annotations

Branches:
Dungeon (6/15)             Temple (0/1) D:4

Altars:
Makhleb
Sif Muna
Vehumet


Innate Abilities, Weirdness & Mutations

You are too large for most types of armour.
You have claws for hands.
Your metabolism is lightning-fast.
You like to eat raw meat.
Your natural rate of healing is unusually fast.
You are covered in fur. (AC +1)
You have very tough skin. (AC +2)
You have an increased reservoir of magic. (+10% MP)
You occasionally shout uncontrollably at your foes.
Potions are less effective at restoring your health.


Message History

You hear a shout!
Huge Dmg: -27%(-20hp) hp: 69%(51hp)
You barely miss the orc warrior.
The orc warrior hits you with a halberd!
Huge Dmg: -14%(-11hp) hp: 55%(40hp)
You claw the orc warrior!
The orc warrior is heavily wounded.
You scratch the orc warrior but do no damage.
The orc warrior is heavily wounded.
The orc warrior hits you with a halberd!
Huge Dmg: -20%(-15hp) hp: 36%(26hp)
You barely miss the orc warrior.
The orc warrior is heavily wounded.
The orc priest calls upon Beogh to heal the orc warrior.
The orc warrior is healed somewhat.
The orc warrior hits you with a halberd!
* * * LOW HITPOINT WARNING * * *
Huge Dmg: -19%(-14hp) hp: 17%(12hp)
The orc warrior hits you from afar with a halberd!!
You die... ######### #.......# #@#####.# #.# #.# #o# ###.#### oo#

#......#
####
#.#.##.#
#.#.##.#
#...##.#
#..###.#
#..###.#


You could see an orc warrior, an orc priest and an orc.

Vanquished Creatures
  An ice beast (D:5)
  3 ogres
  A centaur (D:5)
  5 elf zombies
  2 scorpions (D:5)
  A crimson imp (D:5)
  4 centaur zombies (Ossuary)
  A centaur skeleton (D:5)
  4 human zombies (Ossuary)
  4 orc wizards
  4 orc priests
  3 human skeletons (D:5)
  2 worker ants
  2 hound skeletons (D:4)
  3 mummies (Ossuary)
  5 adders
  3 gnolls (D:2)
  A shadow imp (D:5)
  An adder skeleton (D:5)
  A dart slug (D:1)
  3 leopard geckos
  26 orcs
  3 giant cockroaches
  6 goblins
  3 hobgoblins
  8 jackals
  8 kobolds
  2 quokkas
  2 ball pythons
  9 bats
  4 frilled lizards
  2 orc zombies (D:5)
  7 rats
134 creatures vanquished.

Notes
Turn   | Place    | Note
-------+----------+-------------------------------------------
     0 | D:1      | Lexodia the Troll Fighter began the quest for the Orb.
     0 | D:1      | Reached XP level 1. HP: 22/22 MP: 0/0
   253 | D:1      | Reached XP level 2. HP: 25/29 MP: 1/1
   829 | D:2      | Huge Dmg: 4 dmg
   863 | D:2      | Reached XP level 3. HP: 36/36 MP: 2/2
  1017 | D:2      | Reached skill level 3 in Unarmed Combat
  1194 | D:2      | Huge Dmg: 10 dmg
  1211 | D:2      | Found a burning altar of Makhleb.
  1213 | D:2      | Found a radiant altar of Vehumet.
  1304 | D:2      | Reached XP level 4. HP: 31/44 MP: 3/3
  1560 | D:3      | Huge Dmg: 7 dmg
  1564 | D:3      | Reached skill level 4 in Unarmed Combat
  1564 | D:3      | Reached XP level 5. HP: 22/50 MP: 4/4
  1946 | D:2      | Became a worshipper of Makhleb the Destroyer
  1997 | D:4      | Noticed an ogre
  2001 | D:4      | Huge Dmg: 24 dmg
  2005 | D:4      | Killed an ogre
  2005 | D:4      | Reached skill level 1 in Invocations
  2005 | D:4      | Reached XP level 6. HP: 33/59 MP: 5/5
  2236 | D:4      | Found a staircase to the Ecumenical Temple.
  2245 | D:4      | Reached skill level 5 in Unarmed Combat
  2664 | D:5      | Entered Level 5 of the Dungeon
  2669 | D:5      | Huge Dmg: 13 dmg
  2670 | D:5      | Reached XP level 7. HP: 53/66 MP: 7/7
  2672 | D:5      | Huge Dmg: 20 dmg
  2684 | D:5      | Reached * piety under Makhleb
  2726 | D:5      | Reached skill level 5 in Shields
  2890 | D:5      | Found a deep blue altar of Sif Muna.
  3013 | D:5      | Reached skill level 6 in Unarmed Combat
  3086 | D:5      | Reached XP level 8. HP: 72/74 MP: 9/9
  3087 | D:5      | Huge Dmg: 35 dmg
  3181 | D:5      | Found a sand-covered staircase.
  3188 | Ossuary  | Entered an ossuary
  3320 | Ossuary  | Reached ** piety under Makhleb
  3324 | Ossuary  | Reached skill level 7 in Unarmed Combat
  3370 | Ossuary  | Gained mutation: You occasionally shout uncontrollably at your foes. [potion of mutation]
  3370 | Ossuary  | Gained mutation: You are robust. (+10% HP) [potion of mutation]
  3371 | Ossuary  | Lost mutation: You are robust. (+10% HP) [potion of mutation]
  3371 | Ossuary  | Gained mutation: Potions are less effective at restoring your health. [potion of mutation]
  3371 | Ossuary  | Gained mutation: You have an increased reservoir of magic. (+10% MP) [potion of mutation]
  3595 | D:5      | Reached skill level 5 in Invocations
  3788 | D:6      | Huge Dmg: 20 dmg
  3789 | D:6      | Huge Dmg: 11 dmg
  3791 | D:6      | Huge Dmg: 15 dmg
  3792 | D:6      | Huge Dmg: 14 dmg
  3792 | D:6      | Mangled by an orc warrior

Vault maps used:
D:1:      minmay_arrival_shattered_statue
D:2:      nicolae_overflow_hidden_temple, first_ration
D:4:      minmay_temple_entry_water_ring
D:5:      lemuel_blue_sif_altar, nicolae_ossuary_entry_catacombs, minivault_25
D:6:      nicolae_whirlpool
Ossuary:  ossuary_minmay_four_chambers

Skill      XL: |  1  2  3  4  5  6  7  8 |
---------------+-------------------------+-----
Shields        | 3 4 5 6 |  6.3
Unarmed Combat | 3 4 5 6 7 |  7.2
Invocations    | 1 2 3 5 |  5.0
Fighting       | |  2.4
Dodging        | |  2.4

Action                   |  1- 3 |  4- 6 |  7- 9 || total
-------------------------+-------+-------+-------++-------
Melee: Unarmed           |    99 |   153 |   211 ||   463
  Use: Potion            |       |     1 |     2 ||     3
       Scroll            |       |       |    15 ||    15
 Stab: Sleeping          |     1 |       |       ||     1
  Eat: Chunk             |    17 |    12 |     8 ||    37
Armor: Robe              |    29 |    71 |    60 ||   160
Dodge: Dodged            |    34 |    59 |    35 ||   128
Block: Shield            |    45 |    99 |    88 ||   232

Table legend:
 A = Spawn XP
 B = Non-spawn XP
 C = Spawn XP percentage of total XP
 D = Spawn monster count
 E = Non-spawn monster count
 F = Spawn count percentage of total count
 G = Total turns spent on level
                    A         B        C        D         E        F      G
               +---------+---------+-------+---------+---------+-------+---------
         Total |       0 |    2531 |   0.0 |       0 |     134 |   0.0 |  3792
               +---------+---------+-------+---------+---------+-------+---------
           D:1 |       0 |      27 |   0.0 |       0 |      15 |   0.0 |   881
           D:2 |       0 |      88 |   0.0 |       0 |      23 |   0.0 |   766
           D:3 |       0 |     142 |   0.0 |       0 |      28 |   0.0 |   448
           D:4 |       0 |     417 |   0.0 |       0 |      24 |   0.0 |   569
           D:5 |       0 |    1062 |   0.0 |       0 |      28 |   0.0 |   895
           D:6 |       0 |       3 |   0.0 |       0 |       1 |   0.0 |    37
       Ossuary |       0 |     792 |   0.0 |       0 |      15 |   0.0 |   196
               +---------+---------+-------+---------+---------+-------+---------
